 Dungeon Sprint DCSS version 0.30-a0-465-g8901f6c8b5 (webtiles) character file.

Game seed: 13909791947492430947

34451 mhtbhm the Minotaur Barricade (level 13, 0/130 HPs)
             Began as a Minotaur Fighter on Dec 18, 2022.
             Was a High Priest of Trog.
             Slain by Atuohin the pandemonium lord (28 damage)
             ... in the Dungeon (Sprint V: "Ziggurat Sprint").
             The game lasted 00:12:58 (1457 turns).

mhtbhm the Minotaur Barricade (Minotaur Fighter)    Turns: 1457, Time: 00:12:59

Health: 0/130      AC: 35    Str: 38    XL:     13   Next: 42%
Magic:  12/12      EV:  3    Int:  7    God:    Trog [*****.]
Gold:   0          SH: 35    Dex: 10    Spells: 12/12 levels left

rFire   + + .      SeeInvis +    a - +8 lance "Wyrmbane" {slay drac, rPois rF+ rC+ AC+3}
rCold   + + .      Faith    .    c - +18 shield of the Gong {rElec rN+ Will+ EV-5}
rNeg    + + .      Spirit   .    b - +5 gold dragon scales
rPois   +          Reflect  .    x - +3 crown of Dyrovepreva {rElec Int+2 SInv}
rElec   +          Harm     .    (no cloak)
rCorr   .          Rampage  .    v - +0 pair of gloves "Ubaek" {rN+}
Will    +....      NoTele   +    (no boots)
Stlth   ..........               E - amulet of regeneration
HPRegen 1.21/turn                B - +6 ring of strength
MPRegen 0.13/turn                A - +6 ring of strength

@: on berserk cooldown, slowed, studying Dodging, very slow
A: horns 2, retaliatory headbutt
a: Renounce Religion, Berserk, Trog's Hand, Brothers in Arms


You were in the Dungeon.
You worshipped Trog.
Trog was extremely pleased with you.
You visited 1 branch

Inventory:

Hand Weapons
 a - the +8 lance "Wyrmbane" (weapon) {slay drac, rPois rF+ rC+ AC+3}
   (You found it in the Dungeon)

   It inflicts extra damage against dragons and draconians.
   AC:        It affects your AC (+3).
   rF:        It protects you from fire.
   rC:        It protects you from cold.
   rPois:     It protects you from poison.
 w - a +4 morningstar of holy wrath
 z - the +8 mithril axe "Arga" {speed, Will+}
   (You took it off a naga mage in the Dungeon)

   Attacks with this weapon are significantly faster.
   Will:      It increases your willpower.
Missiles
 G - 3 silver javelins (quivered)
Armour
 b - +5 gold dragon scales (worn)
 c - the +18 shield of the Gong (worn) {rElec rN+ Will+ EV-5}
   (You found it in the Dungeon)

   It is deafeningly noisy when blocking attacks.
   EV:        It affects your evasion (-5).
   rElec:     It insulates you from electricity.
   rN:        It protects you from negative energy.
   Will:      It increases your willpower.
 v - the +0 pair of gloves "Ubaek" (worn) {rN+}
   (You found it in the Dungeon)

   rN:        It protects you from negative energy.
 x - the +3 crown of Dyrovepreva (worn) {rElec Int+2 SInv}
   (You acquired it in the Dungeon)

   Int:       It affects your intelligence (+2).
   rElec:     It insulates you from electricity.
   SInv:      It lets you see invisible.
 D - the +15 Maxwell's patent armour {-Cast -Tele rElec Will+ rCorr}
   (You found it in the Dungeon)

   rElec:     It insulates you from electricity.
   -Cast:     It prevents spellcasting.
   -Tele:     It prevents most forms of teleportation.
   rCorr:     It protects you from acid and corrosion.
   Will:      It increases your willpower.
Jewellery
 A - a +6 ring of strength (right hand)
 B - a +6 ring of strength (left hand)
 E - an amulet of regeneration (around neck)
 J - the amulet of Haunik {Spirit rN++}
   (You found it in the Dungeon)

   [amulet of guardian spirit]

   It causes incoming damage to be divided between your reserves of health and
   magic.
   rN:        It greatly protects you from negative energy.
Wands
 s - a wand of mindburst (7)
 t - a wand of iceblast (7)
 u - a wand of acid (7)
Scrolls
 j - 2 scrolls of blinking
 o - 4 scrolls of amnesia
 p - 8 scrolls of fog
 q - 5 scrolls of identify
 r - 2 scrolls of fear
 H - 4 scrolls of enchant armour
 I - a scroll of brand weapon
Potions
 d - 6 potions of might
 e - 10 potions of curing
 f - 6 potions of heal wounds
 g - 9 potions of haste
 h - 7 potions of magic
 i - 3 potions of berserk rage
 k - 2 potions of brilliance
 l - 2 potions of invisibility
 m - 4 potions of resistance
 n - a potion of experience
Miscellaneous
 y - a condenser vane (inert)
 C - a lightning rod (4/4)
 F - a tin of tremorstones (2/2)
 K - a box of beasts


   Skills:
 + Level 16.8 Fighting
 + Level 18.0 Polearms
 + Level 18.7 Armour
 O Level 27 Shields
 + Level 11.6 Evocations


You had 12 spell levels left.
You didn't know any spells.
Your spell library was empty.

Dungeon Overview and Level Annotations

Branches:
Dungeon (1/1)

Altars:
Ashenzari
Cheibriados
Dithmenos
Elyvilon
Fedhas
Gozag
Hepliaklqana
Kikubaaqudgha
Makhleb
Nemelex Xobeh
Okawaru
Qazlal
Ru
Sif Muna
Trog
Uskayaw
Vehumet
Wu Jian
Xom
Yredelemnul
Zin
The Shining One
Jiyva
Lugonu

Annotations:
D 1 transporter


Innate Abilities, Weirdness & Mutations

You have a pair of horns on your head.
You reflexively headbutt those who attack you in melee.


Message History

Unknown command.
You feel much better. Atuohin hits you! Atuohin drains your vigour!
You feel as though you will be slow longer.
The rust devil completely misses your iron troll.
The large abomination is engulfed in blazing flames.
The chaos spawn hits your iron troll but does no damage.
Your iron troll bites the chaos spawn!!!
The chaos spawn dies!
Trog accepts your kill.
The chaos spawn degenerates into a cloud of primal chaos!
You block Atuohin's attack.
GONNNNG!
Unknown command.
Unknown command.
Your troll goes berserk!
You block Atuohin's attack.
BOUMMMMG!
The rust devil hits your iron troll.
Your iron troll seems to be corroded for longer.
The Tzitzimitl calls on the powers of darkness!
Your troll convulses!
Your iron troll convulses!
Your body is wracked with pain!
* * * LOW HITPOINT WARNING * * *
The large abomination completely misses your troll.
You block the lorocyproca's attack.
PTOANNNG!
Your iron troll closely misses Atuohin.
Your iron troll misses Atuohin.
Your iron troll claws Atuohin but does no damage.
You block Atuohin's attack.
GONNNNG!
The demonspawn warmonger is engulfed in blazing flames.
The rust devil hits your iron troll!
Your iron troll seems to be corroded for longer.
The large abomination hits your troll!!
Your troll dies!
Your troll's corpse disappears in a puff of smoke!
You block the lorocyproca's attack.
GONNNNG!
Atuohin hits you!!
You die...

▓▓▓▓▓▓▓▓▓▓▓▓▓▓▓▓▓▓▓▓▓▓▓▓
8©8.....▓....8©8....▓▓.8
▓..|}|"}))"..@▓..)[[::}:..▓▓.)
▓...}[§§§?§§2&▓..[[)")))..▓▓..
▓.....○§°3§X§T▓...........▓▓..
▓.....§§☼§&14§▓...........▓▓..
▓.....§§462...▓...........▓▓..
▓....4.234....▓......)....▓▓..
▓.......4.....▓..▓.))..▓..▓▓▓▓
..▓.3.....▓..▓.▓▓▓)..▓▓▓.▓..8
▓ ▓.▓.....▓.▓ ▓..▓.....▓..▓..:


You could see Atuohin, Mizxigeha, a demonspawn warmonger, a Tzitzimitl, a
cacodemon, a hell beast, a lorocyproca (invisible), a sun demon, a large
abomination, a hellwing, a rust devil (ally target), a smoke demon, a chaos
spawn, a red devil and a friendly iron troll (summoned, berserk, corroded).

Vanquished Creatures
  A deep elf blademaster (D)
  A pandemonium lord (D)
  An Executioner (D)
  2 deep elf master archers (D)
  A cacodemon (D)
  A demonspawn blood saint (D)
  2 merfolk impalers (D)
  A deep elf death mage (D)
  A deep elf high priest (D)
  A merfolk javelineer (D)
  A hydra (D)
  A spriggan air mage (D)
  An anaconda (D)
  A merfolk aquamancer (D)
  A dancing weapon (D)
  A spriggan berserker (D)
  A soul eater (D)
  A sixfirhy (D)
  2 deep elf archers (D)
  A shadow demon (D)
  2 harpies (D)
  A deep elf zephyrmancer (D)
  A deep elf pyromancer (D)
  2 cyclopes (D)
  A manticore (D)
  2 shining eyes (D)
  A merfolk siren (D)
  A guardian serpent (D)
  5 naga magi (D)
  A cane toad (D)
  An eye of devastation (D)
  A black mamba (D)
  A demonic crawler (D)
  2 rime drakes (D)
  4 merfolk (D)
  A wind drake (D)
  A blink frog (D)
  2 slime creatures (D)
  2 snapping turtles (D)
  3 wyverns (D)
  A spriggan (D)
  A fire elemental (D)
  2 basilisks (D)
  A yak (D)
  4 golden eyes (D)
  3 steam dragons (D)
  5 nagas (D)
  A floating eye (D)
  6 water moccasins (D)
  6 swamp drakes (D)
  3 wolves (D)
  A centaur (D)
  2 scorpions (D)
  A crimson imp (D)
  A jelly (D)
  2 orc priests (D)
  An iron imp (D)
  A hell rat (D)
  An adder (D)
  2 ufetubi (D)
  An orc (D)
  An endoplasm (D)
105 creatures vanquished.

Vanquished Creatures (collateral kills)
  A pandemonium lord (D)
  A green death (D)
  A dancing weapon (D)
  A deep elf zephyrmancer (D)
  A rust devil (D)
  A smoke demon (D)
  A hellwing (D)
  A red devil (D)
  A chaos spawn (D)
9 creatures vanquished.

Vanquished Creatures (others)
  An endoplasm (D)
1 creature vanquished.

Grand Total: 115 creatures vanquished

Notes
Turn   | Place    | Note
-------+----------+-------------------------------------------
     0 | D        | mhtbhm the Minotaur Fighter began the quest for the Orb.
     0 | D        | Reached XP level 1. HP: 19/19 MP: 0/0
     0 | D        | Found a blossoming altar of Fedhas.
     0 | D        | Found the +6 Majin-Bo {vamp, MP+6 Int+6}
     0 | D        | Found the +27 heavy crossbow "Sniper" {vorpal, Acc+∞ SInv}
     0 | D        | Found the +10 dark maul {vorpal}
     0 | D        | Found the +15 Maxwell's patent armour {-Cast -Tele rElec
                  | Will+ rCorr}
     0 | D        | Found the +18 shield of the Gong {rElec rN+ Will+ EV-5}
     0 | D        | Found the +14 obsidian axe {vorpal, Mesm Drain Fly SInv}
     0 | D        | Found the +7 great mace "Firestarter" {inner flame, rF++}
     0 | D        | Found the +6 shillelagh "Devastator" {shatter}
     0 | D        | Found the +11 plutonium sword {Contam Stlth-}
     0 | D        | Found the +8 lance "Wyrmbane" {slay drac, rPois rF+ rC+
                  | AC+3}
     0 | D        | Found the +9 sword of Zonguldrok {reap}
     0 | D        | Found the +13 scythe of Curses {drain, Drain}
     0 | D        | Found the +5 sword of Power {vorpal}
     0 | D        | Found the +7 mace of Variability {chain chaos}
     0 | D        | Found the +7 Singing Sword {vorpal, sonic wave}
     0 | D        | Found the +8 storm bow {elec, penet}
     1 | D        | Found a shimmering blue altar of Sif Muna.
     1 | D        | Found a sacrificial altar of Ru.
     1 | D        | Found a bloodstained altar of Trog.
     1 | D        | Found a stormy altar of Qazlal.
     1 | D        | Found an iron altar of Okawaru.
     1 | D        | Found a sparkling altar of Nemelex Xobeh.
     3 | D        | Found a transporter.
     3 | D        | Found an ancient bone altar of Kikubaaqudgha.
     3 | D        | Found a viscous altar of Jiyva.
     3 | D        | Found a corrupted altar of Lugonu.
     3 | D        | Found a hazy altar of Hepliaklqana.
     3 | D        | Found a burning altar of Makhleb.
     3 | D        | Found an opulent altar of Gozag.
   101 | D        | Became a worshipper of Trog the Wrathful
   120 | D        | Entered arena 2.
   120 | D        | Noticed a scorpion
   120 | D        | Noticed a scorpion
   120 | D        | Found a transporter.
   127 | D        | Killed a scorpion
   128 | D        | Reached skill level 5 in Armour
   128 | D        | Reached skill level 6 in Shields
   128 | D        | Reached XP level 2. HP: 27/30 MP: 1/1
   128 | D        | Reached XP level 3. HP: 34/37 MP: 2/2
   128 | D        | Killed a scorpion
   129 | D        | Reached skill level 7 in Shields
   129 | D        | Reached XP level 4. HP: 43/47 MP: 3/3
   134 | D        | Entered arena 3.
   134 | D        | Found the +8 Vampire's Tooth {vamp}
   134 | D        | Found a transporter.
   136 | D        | Reached * piety under Trog
   137 | D        | Reached XP level 5. HP: 50/52 MP: 4/4
   139 | D        | Reached skill level 8 in Shields
   257 | D        | Entered arena 4.
   257 | D        | Found a transporter.
   262 | D        | Reached ** piety under Trog
   264 | D        | Reached skill level 9 in Shields
   295 | D        | Entered arena 5.
   295 | D        | Noticed a wolf
   295 | D        | Noticed a spriggan
   295 | D        | Noticed a wolf
   295 | D        | Noticed a wolf
   295 | D        | Found a transporter.
   298 | D        | Killed a wolf
   298 | D        | Reached *** piety under Trog
   299 | D        | Reached skill level 5 in Polearms
   299 | D        | Reached skill level 10 in Shields
   299 | D        | Reached XP level 6. HP: 63/63 MP: 5/5
   301 | D        | Killed a spriggan
   302 | D        | Reached skill level 11 in Shields
   305 | D        | Reached skill level 12 in Shields
   305 | D        | Reached XP level 7. HP: 71/71 MP: 6/6
   308 | D        | Reached **** piety under Trog
   309 | D        | Reached skill level 10 in Armour
   322 | D        | Entered arena 6.
   322 | D        | Noticed a rime drake
   322 | D        | Noticed a rime drake
   322 | D        | Noticed a steam dragon
   322 | D        | Noticed a steam dragon
   322 | D        | Found a transporter.
   330 | D        | Reached skill level 10 in Fighting
   330 | D        | Reached skill level 13 in Shields
   332 | D        | Killed a rime drake
   333 | D        | Reached skill level 1 in Evocations
   333 | D        | Killed a steam dragon
   334 | D        | Reached skill level 14 in Shields
   334 | D        | Reached XP level 8. HP: 46/79 MP: 7/7
   337 | D        | Killed a rime drake
   337 | D        | Reached ***** piety under Trog
   339 | D        | Reached skill level 15 in Shields
   443 | D        | Got the ring "Rius Umi" {MP+9 Dex+5}
   447 | D        | Entered arena 7.
   447 | D        | Noticed a naga mage
   447 | D        | Noticed a naga mage
   447 | D        | Noticed a black mamba
   453 | D        | Killed a black mamba
   454 | D        | Reached skill level 10 in Polearms
   457 | D        | Reached skill level 16 in Shields
   460 | D        | Reached XP level 9. HP: 86/86 MP: 8/8
   460 | D        | Found a transporter.
   465 | D        | Killed a naga mage
   466 | D        | Reached skill level 17 in Shields
   467 | D        | Killed a naga mage
   585 | D        | Entered arena 8.
   585 | D        | Noticed a shining eye
   586 | D        | Received a gift from Trog
   591 | D        | Reached skill level 18 in Shields
   592 | D        | Killed a shining eye
   595 | D        | Found a transporter.
   602 | D        | Got the +0 pair of gloves "Ubaek" {rN+}
   612 | D        | Entered arena 9.
   612 | D        | Noticed a shining eye
   612 | D        | Noticed an eye of devastation
   613 | D        | Reached ****** piety under Trog
   613 | D        | Received a gift from Trog
   617 | D        | Reached XP level 10. HP: 76/96 MP: 9/9
   618 | D        | Reached skill level 19 in Shields
   620 | D        | Killed a shining eye
   623 | D        | Killed an eye of devastation
   624 | D        | Found a transporter.
   631 | D        | Got the ring of Ytocest {rPois rF+ Int+2 SInv}
   634 | D        | Acquired the +3 crown of Dyrovepreva {rElec Int+2 SInv}
   634 | D        | Found the +3 crown of Dyrovepreva {rElec Int+2 SInv}
   673 | D        | Entered arena 10.
   673 | D        | Found the +7 captain's cutlass {speed, disarm}
   673 | D        | Noticed a cyclops
   673 | D        | Noticed a cyclops
   677 | D        | Killed a cyclops
   677 | D        | Received a gift from Trog
   679 | D        | Reached skill level 20 in Shields
   679 | D        | Found a transporter.
   685 | D        | Killed a cyclops
   687 | D        | Reached skill level 5 in Evocations
   692 | D        | Identified the +5 spear of Xosoli {flame, rC+} (Trog gifted
                  | it to you in the Dungeon)
   692 | D        | Received a gift from Trog
   784 | D        | Entered arena 11.
   785 | D        | Found a transporter.
   797 | D        | Reached skill level 21 in Shields
   798 | D        | Received a gift from Trog
   816 | D        | Got the ring "Lumirch" {rPois rF+ Will+ MP+9 SInv}
   827 | D        | Entered arena 12.
   827 | D        | Noticed a merfolk javelineer
   827 | D        | Noticed a merfolk impaler
   827 | D        | Noticed a manticore
   827 | D        | Noticed a harpy
   827 | D        | Noticed a harpy
   828 | D        | Noticed a merfolk aquamancer
   829 | D        | Killed a harpy
   829 | D        | Noticed a merfolk siren
   830 | D        | Reached XP level 11. HP: 104/105 MP: 10/10
   830 | D        | Killed a harpy
   830 | D        | Killed a merfolk aquamancer
   830 | D        | Received a gift from Trog
   830 | D        | Killed a merfolk impaler
   830 | D        | Identified the ring "Uhahy" {rPois rF- Int+4 SInv Stlth+}
   830 | D        | Noticed a merfolk impaler
   831 | D        | Reached skill level 15 in Polearms
   831 | D        | Reached skill level 22 in Shields
   832 | D        | Killed a merfolk javelineer
   838 | D        | Killed a merfolk impaler
   838 | D        | Received a gift from Trog
   899 | D        | Found a transporter.
   946 | D        | Entered arena 13.
   947 | D        | Noticed an anaconda
   949 | D        | Found a transporter.
   951 | D        | Received a gift from Trog
   952 | D        | Reached skill level 23 in Shields
   954 | D        | Killed an anaconda
  1056 | D        | Entered arena 14.
  1057 | D        | Noticed a spriggan berserker
  1058 | D        | Noticed a five-headed hydra
  1058 | D        | Noticed a spriggan air mage
  1058 | D        | Found the +0 staff of Battle
  1061 | D        | Received a gift from Trog
  1065 | D        | Killed a spriggan berserker
  1066 | D        | Reached XP level 12. HP: 89/118 MP: 1/11
  1070 | D        | Killed a five-headed hydra
  1070 | D        | Received a gift from Trog
  1071 | D        | Reached skill level 24 in Shields
  1071 | D        | Killed a spriggan air mage
  1074 | D        | Found a transporter.
  1104 | D        | Got the amulet of Haunik {Spirit rN++}
  1133 | D        | Entered arena 15.
  1152 | D        | Noticed a deep elf master archer
  1152 | D        | Noticed a deep elf blademaster
  1152 | D        | Noticed a deep elf master archer
  1152 | D        | Found the ring of the Mage {Wiz Archmagi}
  1152 | D        | Noticed a deep elf high priest
  1153 | D        | Noticed a deep elf death mage
  1163 | D        | Killed a deep elf death mage
  1163 | D        | Killed a deep elf master archer
  1163 | D        | Killed a deep elf high priest
  1164 | D        | Reached skill level 15 in Armour
  1164 | D        | Reached skill level 10 in Evocations
  1165 | D        | Killed a deep elf master archer
  1165 | D        | Identified the +7 trident "Ybepp" {flame, rF- rC+ Stlth+}
                  | (Trog gifted it to you in the Dungeon)
  1165 | D        | Received a gift from Trog
  1166 | D        | Reached skill level 15 in Fighting
  1166 | D        | Reached skill level 25 in Shields
  1167 | D        | Killed a deep elf blademaster
  1167 | D        | Received a gift from Trog
  1168 | D        | Killed a ghostly deep elf death mage
  1170 | D        | Reached skill level 26 in Shields
  1183 | D        | Received a gift from Trog
  1234 | D        | Found a transporter.
  1266 | D        | Entered arena 16.
  1267 | D        | Noticed an Executioner
  1267 | D        | Noticed Kyageadgh the pandemonium lord
  1267 | D        | Noticed a green death
  1267 | D        | Noticed a cacodemon
  1268 | D        | Noticed Zakiosenu the pandemonium lord
  1268 | D        | Noticed a lorocyproca
  1268 | D        | Noticed a demonspawn blood saint
  1274 | D        | Killed an Executioner
  1275 | D        | Reached XP level 13. HP: 127/127 MP: 12/12
  1276 | D        | Killed a green death
  1283 | D        | Noticed an Executioner
  1294 | D        | Noticed a lorocyproca
  1299 | D        | Killed Kyageadgh the pandemonium lord
  1300 | D        | Reached skill level 27 in Shields
  1305 | D        | Killed a demonspawn blood saint
  1324 | D        | Killed Zakiosenu the pandemonium lord
  1324 | D        | Received a gift from Trog
  1328 | D        | Killed a cacodemon
  1329 | D        | Found a transporter.
  1354 | D        | Received a gift from Trog
  1421 | D        | Entered arena 17.
  1424 | D        | Noticed a lorocyproca
  1424 | D        | Found the +3 pair of mountain boots {steadfast, rC+}
  1424 | D        | Noticed Atuohin the pandemonium lord
  1425 | D        | Noticed a cacodemon
  1425 | D        | Noticed Mizxigeha the pandemonium lord
  1425 | D        | Noticed a demonspawn warmonger
  1425 | D        | Noticed a Tzitzimitl
  1429 | D        | Found the amulet of the Four Winds {rN+ Will+++ Clar}
  1453 | D        | Found a transporter.
  1457 | D        | Slain by Atuohin the pandemonium lord

Illustrated notes

Levels and vault maps discovered:
D:        sprint_v [room_start, room_1, room_2, room_3, room_4, room_5, room_6,
          room_7, room_8, room_9, room_10, room_11, room_12, room_13, room_14,
          room_15, room_16, room_17, room_18, room_19, room_20, room_21,
          room_22, room_23, room_24, room_25, room_26, room_27]

Skill      XL: |  1  2  3  4  5  6  7  8  9 10 11 12 13 |
---------------+----------------------------------------+-----
Fighting       | 6 7 9 10 11 12 14 15 16 | 16.8
Polearms       | 3 5 6 8 10 13 14 16 18 | 18.0
Armour         | 5 7 9 10 11 12 14 16 18 | 18.7
Shields        | 6 7 10 12 14 16 18 21 23 26 27 | 27.0
Evocations     | 1 3 6 9 10 11 | 11.6

Action                   |  1- 3 |  4- 6 |  7- 9 | 10-12 | 13-15 || total
-------------------------+-------+-------+-------+-------+-------++-------
Melee: Lance             |     8 |    22 |    34 |   105 |   109 ||   278
       Headbutt          |       |     3 |     1 |    10 |    16 ||    30
Invok: Berserk           |       |       |       |     2 |     1 ||     3
       Brothers in Arms  |       |       |       |     2 |     5 ||     7
Evoke: Lightning rod     |       |     2 |     5 |     8 |       ||    15
       Tin of tremorston |       |       |     7 |     6 |       ||    13
       Condenser vane    |       |       |       |     7 |     1 ||     8
  Use: Scroll            |       |       |       |     2 |     1 ||     3
       Potion            |       |       |       |     2 |     2 ||     4
Armor: Gold dragon scale |     3 |    16 |    27 |    49 |    57 ||   152
Dodge: Dodged            |       |       |       |     1 |    13 ||    14
Block: Kite shield       |    12 |    42 |    67 |   128 |   193 ||   442

Table legend: (Time is in decaauts)
 A = Elapsed time spent in this place.
 B = Non-inter-level travel time spent in this place.
 C = Inter-level travel time spent in this place.
 D = Time resting spent in this place.
 E = Time spent auto-exploring this place.
 F = Levels seen in this place.
 G = Mean time per level.
                   A        B        C        D        E       F      G
               +--------+--------+--------+--------+--------+-----+--------+
         Total |   1358 |   1358 |      0 |    605 |      1 |   1 | 1358.0 |
       Dungeon |   1358 |   1358 |      0 |    605 |      1 |   1 | 1358.0 |
               +--------+--------+--------+--------+--------+-----+--------+

Top non-repeatable levels by time:
       D: 1358 daAuts
